 Dungeon Crawl Stone Soup version 0.17-a0-1951-g62301d3 (webtiles) character file.

60 Kuldar the Skirmisher (level 4, -1/40 HPs)
             Began as a Hill Orc Berserker on Oct 3, 2015.
             Was a Believer of Trog.
             Slain by a gnoll (2 damage)
             ... on level 2 of the Dungeon.
             The game lasted 00:04:15 (1514 turns).

Kuldar the Skirmisher (Hill Orc Berserker)          Turns: 1514, Time: 00:04:15

Health: -1/40      AC:  3    Str: 20    XL:     4   Next: 6%
Magic:  4/4        EV: 11    Int:  7    God:    Trog [**....]
Gold:   49         SH:  3    Dex: 10    Spells: 0 memorised, 3 levels left

rFire  . . .     SeeInvis .     a - +0 falchion
rCold  . . .     Clarity  .     b - +0 animal skin
rNeg   . . .     SustAt   .     n - +0 buckler
rPois  .         Gourm    .     (no helmet)
rElec  .         Spirit   .     f - +0 cloak
rCorr  .         Warding  .     (no gloves)
rMut   .         Stasis   .     (no boots)
MR     .....                    (no amulet)
Stlth  +.........               (no ring)
                                (no ring)

@: exhausted, not resistant to hostile enchantments, very unstealthy
A: no striking features
a: Burn Spellbooks, Berserk, Trog's Hand, Renounce Religion


You were on level 2 of the Dungeon.
You worshipped Trog.
Trog was pleased with you.
You were very hungry.

You visited 1 branch of the dungeon, and saw 2 of its levels.

You collected 49 gold pieces.

Inventory:

Hand weapons
 a - a +0 falchion (weapon)
Armour
 b - a +0 animal skin (worn)
 f - a +0 cloak (worn)
 n - a +0 buckler (worn)
Scrolls
 e - a scroll of enchant armour {unknown}
 g - a scroll of teleportation {unknown}
 k - a scroll of blinking {unknown}
 l - a scroll of amnesia {unknown}
 m - 2 scrolls of recharging {unknown}
 o - a scroll of noise {unknown}
Potions
 d - a potion of flight {unknown}
 h - a potion of brilliance {unknown}
 j - a potion of haste {unknown}
 q - a potion of curing {unknown}
Comestibles
 c - 2 bread rations
 i - a beef jerky


   Skills:
 * Level 4.2 Fighting
 * Level 3.7 Long Blades
 * Level 3.0 Armour
 * Level 2.1 Dodging
 * Level 0.4 Shields


You had 3 spell levels left.
You didn't know any spells.

Dungeon Overview and Level Annotations

Branches:
Dungeon (2/15)

Altars:


Message History

* * * LOW HITPOINT WARNING * * *
There is an open door, spattered with blood here.
You see here a giant newt corpse.
You butcher the giant newt corpse.
The gnoll closely misses you. The gnoll hits you with a spear.
* * * LOW HITPOINT WARNING * * *
Eat a chunk of flesh? (ye/n/q/i?) This raw flesh tastes terrible.
You are feeling very hungry.
The gnoll closely misses you. The gnoll barely misses you.
The gnoll hits you with a spear.
* * * LOW HITPOINT WARNING * * *
You continue eating.
The gnoll hits you.
* * * LOW HITPOINT WARNING * * *
The gnoll misses you. The gnoll hits you with a spear.
* * * LOW HITPOINT WARNING * * *
You continue eating.
The gnoll hits you.
You die...

..# ####.# ..#.# # #.#.#
..#######'#'#### #######
...............# #######......#
.$....(........# #.....#......#
.??............###.###.#......#
.............gg@.....#.#......#
..............g###.#.#.#.>....#
...............# #.#.##.......#
.g...............#.#.##.......#
...[.............#.#..........#
..g..g...........#.#####......#
.................#............#
..........(....#.#########'##.#
+##########+#...# #.##.#


You could see 3 gnolls.

Vanquished Creatures
  3 adders (D:2)
  8 bats
  4 hobgoblins
  4 jackals (D:1)
  4 kobolds
  2 ball pythons (D:2)
  3 giant cockroaches
  3 giant newts
  2 goblins (D:1)
  3 rats (D:1)
36 creatures vanquished.

Notes
Turn   | Place    | Note
--------------------------------------------------------------
     0 | D:1      | Kuldar the Hill Orc Berserker began the quest for the Orb.
     0 | D:1      | Reached XP level 1. HP: 19/19 MP: 1/1
    96 | D:1      | Reached XP level 2. HP: 10/27 MP: 2/2
   672 | D:1      | Reached skill level 4 in Fighting
   934 | D:1      | Reached XP level 3. HP: 30/33 MP: 3/3
  1139 | D:2      | Acquired Trog's second power
  1472 | D:2      | Reached XP level 4. HP: 12/40 MP: 4/4
  1513 | D:2      | HP: 1/40 [gnoll/spear (2)]
  1514 | D:2      | Slain by a gnoll

Vault maps used:
D:1:      eino_arrival_water_cross, hangedman_decor_lopped
D:2:      first_bread

Action                   |  1- 3 |  4- 6 || total
-------------------------+-------+-------++-------
Melee: Falchion          |   142 |     3 ||   145
Throw: Throwing net      |     1 |       ||     1
Invok: Berserk           |     2 |       ||     2
       Trog's Hand       |     1 |       ||     1
  Eat: Chunk             |     2 |     1 ||     3
